 Dungeon Crawl Stone Soup version 0.19-a0-1007-g133f65f (webtiles) character file.

3824 Duffy the Basher (level 10, 0/113 HPs)
             Began as an Ogre Fighter on July 21, 2016.
             Was a Priest of Cheibriados.
             Killed by an exploding fulminant prism (32 damage)
             ... created by poirepourri's ghost
             ... on level 7 of the Dungeon.
             The game lasted 00:13:05 (10027 turns).

Duffy the Basher (Ogre Fighter)                    Turns: 10027, Time: 00:13:05

Health: 0/113      AC: 10    Str: 31    XL:     10   Next: 17%
Magic:  13/13      EV: 13    Int: 17    God:    Cheibriados [***...]
Gold:   493        SH:  2    Dex: 21    Spells: 0 memorised, 9 levels left

rFire  . . .     SeeInvis .     a - +0 giant spiked club
rCold  . . .     Gourm    .     O - +1 robe of Decompression {rCorr Dex+3} (curse)
rNeg   . . .     Faith    .     (shield currently unavailable)
rPois  .         Spirit   .     s - +2 hat {MR+}
rElec  .         Dismiss  .     i - +1 cloak
rCorr  +         Reflect  .     (gloves unavailable)
SustAt .         Harm     .     (boots unavailable)
MR     ++...                    (no amulet)
Stlth  ++........               (no ring)
                                N - ring of resist corrosion

@: very slow, very resistant to hostile enchantments, unstealthy
A: unfitting armour, horns 1, large bone plates 1, blurry vision 1, tough skin
1, MP-powered wands
a: Bend Time, Temporal Distortion, Renounce Religion


You were on level 7 of the Dungeon.
You worshipped Cheibriados.
Cheibriados was most pleased with you.
You were not hungry.

You visited 2 branches of the dungeon, and saw 10 of its levels.
You also visited: Ossuary.

You collected 493 gold pieces.


Innate Abilities, Weirdness & Mutations

You are too large for most types of armour.
You have tough skin. (AC +1)
You have a pair of small horns on your head.
You are partially covered in large bone plates. (AC +2, SH +2)
Scrolls take you a little longer to read.
You expend magic power (3 MP) to strengthen your wands.


   Skills:
 - Level 11.0 Fighting
 + Level 12.3 Maces & Flails
 + Level 3.4 Throwing
 - Level 5.0 Dodging
 - Level 2.6 Shields
 + Level 4.1 Invocations


You had 9 spell levels left.
You didn't know any spells.

Inventory:

Hand Weapons
 a - a +0 giant spiked club (weapon)
 l - a +1 dagger of venom
 F - a +0 flail
Missiles
 e - 41 poisoned needles
 m - 4 steel tomahawks (quivered)
 q - a throwing net
 r - 3 tomahawks
 K - 3 large rocks
Armour
 b - a +1 robe of positive energy
 c - a +0 shield
 i - a +1 cloak (worn)
 s - a +2 hat of magic resistance (worn)
 I - a +2 robe of fire resistance
 O - the cursed +1 robe of Decompression (worn) {rCorr Dex+3}

   It affects your dexterity (+3).
   It protects you from acid and corrosion.
   It has a curse placed upon it.
Jewellery
 N - a ring of resist corrosion (left hand)
Wands
 E - a wand of lightning (2/15)
 H - a wand of confusion (48/48)
Scrolls
 f - 4 scrolls of remove curse
 j - a scroll of immolation {unknown}
 k - 4 scrolls of teleportation
 u - a scroll of amnesia {unknown}
 v - a scroll of enchant armour
 w - 4 scrolls of magic mapping
 x - 2 scrolls of recharging
 y - a scroll of fog {unknown}
Potions
 d - 2 potions of might
 g - 2 potions of heal wounds
 h - a potion of lignification {unknown}
 o - 5 potions of curing
 p - 2 potions of flight
 t - 3 potions of brilliance
 z - 3 potions of berserk rage
 C - a potion of degeneration {unknown}
 G - a potion of mutation {unknown}
 L - 2 potions of agility
Books
 J - a book of Air
Comestibles
 n - 3 bread rations
 A - 5 meat rations
 B - a chunk of flesh
 D - 4 fruits
 M - a beef jerky

Dungeon Overview and Level Annotations

Branches:
Dungeon (9/15)             Temple (1/1) D:4
   Lair: D:8-11         Orc: D:9-12

Altars:
Ashenzari
Cheibriados
Dithmenos
Elyvilon
Fedhas
Gozag
Hepliaklqana
Kikubaaqudgha
Makhleb
Nemelex Xobeh
Okawaru
Pakellas
Qazlal
Ru
Sif Muna
Trog
Uskayaw
Vehumet
Xom
Yredelemnul
Zin
The Shining One

Shops:
D:6 [

Annotations:
D:7 poirepourri's ghost, novice DECj
D:9 2 exclusions


Message History

You are too injured to fight recklessly!
You are too injured to fight recklessly!
You are too injured to fight recklessly!
You are too injured to fight recklessly!
You are too injured to fight recklessly!
You are too injured to fight recklessly!
You are too injured to fight recklessly!
You are too injured to fight recklessly!
You are too injured to fight recklessly!
You are too injured to fight recklessly!
You are too injured to fight recklessly!
You are too injured to fight recklessly!
You are too injured to fight recklessly!
You are too injured to fight recklessly!
You are too injured to fight recklessly!
You are too injured to fight recklessly!
You are too injured to fight recklessly!
You are too injured to fight recklessly!
You are too injured to fight recklessly!
You are too injured to fight recklessly!
You are too injured to fight recklessly!
You impale the electric eel!!
You kill the electric eel!
Cheibriados appreciates the change of pace.
The electric eel shoots out a bolt of lightning at you!
The bolt of electricity hits you! Why would you want to do that?
Why would you want to do that?
You miss the electric eel. Your headbutt misses the electric eel.
The electric eel shoots out a bolt of lightning at you!
The bolt of electricity hits you!
Poirepourri's ghost turns its malevolent gaze towards you.
You impale the electric eel!!
You kill the electric eel!
Cheibriados thoroughly appreciates the change of pace.
Why would you want to do that?
Poirepourri's ghost points next to the electric eel and mumbles some strange words.
Poirepourri's ghost conjures a prism of explosive energy!
The electric eel shoots out a bolt of lightning at you!
The bolt of electricity hits you!
The bolt of electricity hits the plant. x2
The fulminant prism crackles loudly.
You barely miss the electric eel.
The electric eel shoots out a bolt of lightning at you!
The bolt of electricity misses you.
The bolt of electricity hits the plant. x2
The fulminant prism explodes!
The blast of energy engulfs the electric eel.
The electric eel dies!
The blast of energy engulfs poirepourri's ghost.
The blast of energy engulfs you!
You die...

# ## 7~777~7
~7P~~7~777777##
~~~~~~~~7~~77P###
~7~~~~~~~~P~~~~~##
~~~W~~~@~~P~P~~7~####
~~~~~~~~~~~~~7~PP~..#
~~~~~~~~~~~PPP~~P7P.#
~~~~~~~~~~~P~~P7~77.#
#
~~~~~~~~~~~~~~~~~77.#
#
~~~~~~~~~~~~~~~P7~#.#
#
~~~~~~~~~~~PP~~~P##.#
#
~~~PP~~~PP7~~7~.###.#
# ~~~7P~7
77P#.###.####


You could see poirepourri's ghost.

Action                   |  1- 3 |  4- 6 |  7- 9 | 10-12 || total
-------------------------+-------+-------+-------+-------++-------
Melee: Flail             |    89 |    46 |   109 |       ||   244
       Dagger            |       |   101 |   287 |       ||   388
       Giant spiked club |       |       |    95 |    38 ||   133
       Headbutt          |       |       |       |     1 ||     1
  Use: Scroll            |       |       |    11 |     1 ||    12
 Stab: Sleeping          |       |       |     2 |     1 ||     3
  Eat: Chunk             |     1 |     5 |    10 |     6 ||    22
       Bread ration      |       |       |     1 |       ||     1
       Pizza             |       |       |     1 |       ||     1
Armor: Robe              |    31 |    40 |   181 |    12 ||   264
Dodge: Dodged            |    47 |    32 |   196 |    31 ||   306
Block: Shield            |    49 |    53 |   159 |       ||   261

Notes
Turn   | Place    | Note
-------+----------+-------------------------------------------
     0 | D:1      | Duffy the Ogre Fighter began the quest for the Orb.
     0 | D:1      | Reached XP level 1. HP: 24/24 MP: 1/1
    81 | D:2      | Reached skill level 3 in Maces & Flails
   151 | D:2      | Reached XP level 2. HP: 11/32 MP: 2/2
   380 | D:2      | Reached skill level 4 in Maces & Flails
   771 | D:1      | Reached XP level 3. HP: 37/39 MP: 3/3
   814 | D:2      | Noticed a dagger
   816 | D:2      | Noticed a dagger
  1058 | D:3      | Reached skill level 5 in Maces & Flails
  1058 | D:3      | Reached XP level 4. HP: 49/49 MP: 4/4
  1326 | D:3      | Reached skill level 5 in Fighting
  1536 | D:4      | Reached XP level 5. HP: 31/59 MP: 5/5
  1669 | D:4      | Reached skill level 6 in Fighting
  1695 | D:4      | Noticed epen's ghost (amateur DrTm)
  1850 | D:2      | Found a hazy altar of Hepliaklqana.
  1956 | D:2      | Found a hide-covered altar of Uskayaw.
  2269 | D:5      | Entered Level 5 of the Dungeon
  2308 | D:5      | Reached skill level 7 in Fighting
  2343 | D:6      | Found Ycackov's Armour Shoppe.
  2415 | D:6      | Reached skill level 6 in Maces & Flails
  2415 | D:6      | Reached XP level 6. HP: 64/71 MP: 6/6
  2490 | D:6      | Found a sand-covered staircase.
  2495 | Ossuary  | Entered an ossuary
  2796 | Ossuary  | Reached skill level 7 in Maces & Flails
  2824 | Ossuary  | Reached XP level 7. HP: 63/78 MP: 7/7
  2907 | Ossuary  | Reached skill level 8 in Maces & Flails
  3234 | Ossuary  | Reached skill level 9 in Maces & Flails
  3670 | Ossuary  | Reached skill level 10 in Maces & Flails
  3670 | Ossuary  | Reached XP level 8. HP: 54/87 MP: 8/8
  4052 | D:6      | Reached skill level 8 in Fighting
  4079 | D:6      | Reached skill level 9 in Fighting
  4799 | D:5      | Reached skill level 10 in Fighting
  5017 | D:5      | Noticed Blork the orc
  5030 | D:5      | Killed Blork the orc
  5186 | D:4      | Found a staircase to the Ecumenical Temple.
  5206 | Temple   | Entered the Ecumenical Temple
  5212 | Temple   | Reached skill level 11 in Fighting
  5405 | Temple   | Became a worshipper of Cheibriados the Contemplative
  5467 | D:4      | Noticed a wyvern
  5589 | D:2      | Found an iron altar of Okawaru.
  5807 | D:2      | Reached XP level 9. HP: 105/105 MP: 9/9
  5839 | D:2      | Reached * piety under Cheibriados
  6594 | D:3      | Found a shattered altar of Ashenzari.
  6833 | D:3      | Reached skill level 3 in Dodging
  6925 | D:3      | Reached ** piety under Cheibriados
  7412 | D:4      | Noticed Grinder
  7416 | D:4      | Killed Grinder
  7416 | D:4      | Reached skill level 4 in Dodging
  7494 | D:4      | Killed epen's ghost
  7494 | D:4      | Reached skill level 11 in Maces & Flails
  7752 | D:5      | Noticed Sigmund
  7761 | D:5      | Killed Sigmund
  7907 | D:5      | Reached skill level 5 in Dodging
  8547 | D:6      | Reached skill level 1 in Invocations
  8765 | D:7      | Noticed poirepourri's ghost (novice DECj)
  8808 | D:7      | Reached *** piety under Cheibriados
  8808 | D:7      | Reached skill level 1 in Throwing
  9111 | D:8      | Reached skill level 2 in Invocations
  9113 | D:8      | Reached skill level 2 in Throwing
  9128 | D:8      | Reached skill level 12 in Maces & Flails
  9128 | D:8      | Reached skill level 3 in Invocations
  9427 | D:8      | Got a wizard robe
  9438 | D:8      | Identified the cursed +1 robe of Decompression {rCorr Dex+3} (You found it on level 8 of the Dungeon)
  9472 | D:8      | Reached XP level 10. HP: 101/113 MP: 12/12
  9643 | D:8      | Reached skill level 3 in Throwing
  9724 | D:8      | Gained mutation: Scrolls take you a little longer to read. [mutagenic meat]
  9727 | D:8      | Gained mutation: You expend magic power (3 MP) to strengthen your wands. [mutagenic meat]
  9730 | D:8      | Gained mutation: You have a pair of small horns on your head. [mutagenic meat]
  9733 | D:8      | Gained mutation: You are partially covered in large bone plates. (AC +2, SH +2) [mutagenic meat]
  9958 | D:7      | Reached skill level 4 in Invocations
 10027 | D:7      | Killed by an exploding fulminant prism

Skill      XL: |  1  2  3  4  5  6  7  8  9 10 |
---------------+-------------------------------+-----
Maces & Flails | 3 4 5 6 7 10 12 | 12.3
Fighting       | 5 7 11 | 11.0
Dodging        | 5 |  5.0
Invocations    | 3 4 |  4.1
Throwing       | 2 3 |  3.4
Shields        | |  2.6

Vault maps used:
D:1:      dpeg_arrival_rooms_with_view
D:2:      dancing_weapons_uskayaw, old_standard_altar, old_standard_altar,
          minmay_misc_feat_cross
D:3:      cheibrodos_ashenzari_chains
D:4:      uniq_grinder
D:5:      first_bread, uniq_sigmund, uniq_blork_the_orc
D:6:      serial_shops, nicolae_shop_behind_doors, enter_ossuary_5
D:7:      grunt_livestock, serial_bayou_lake_a
D:8:      special_room
D:9:      kennysheep_windowed_halls, special_room, serial_shops,
          nicolae_shop_trees, nicolae_shop_temple_entry_statues_fountains, shop,
          nicolae_shop_stone, nicolae_shop_crystal
Temple:   dpeg_five_rooms_temple
Ossuary:  ossuary_minmay_scorpions

Vanquished Creatures
  Grinder Sigmund
  A wyvern
  3 yaks
  The ghost of epen the Changer, an amateur DrTm of Fedhas
  A sky beast
  2 ice beasts
  A black bear
  A phantom
  2 centaurs
  2 ogres Blork the orc
  2 giant frogs
  10 scorpions
  3 killer bees
  4 electric eels
  A giant frog zombie
  2 jellies
  A hound
  3 human zombies
  4 centaur zombies
  2 orc priests
  A giant frog skeleton
  An iguana
  5 worker ants
  A big kobold zombie
  3 mummies
  12 gnolls
  13 adders
  3 scorpion zombies
  2 shadow imps
  3 oozes
  2 adder zombies
  2 adder skeletons
  A worm
  6 giant geckos
  17 orcs
  7 bats
  5 giant cockroaches
  11 goblins
  7 hobgoblins
  8 jackals
  7 kobolds
  2 quokkas
  3 ball pythons
  4 giant newts
  2 gnoll zombies
  2 goblin zombies
  A hobgoblin zombie
  A kobold zombie
  2 orc zombies
  A quokka zombie
  8 rats
  A plant
193 creatures vanquished.
